 Dungeon Crawl Stone Soup version 0.19-a0-1401-g902f63d (webtiles) character file.

7 Amnesiac the Magician (level 2, 0/19 HPs)
             Began as a Human Wanderer on Sept 4, 2016.
             Slain by a goblin (1 damage)
             ... led by Robin
             ... on level 2 of the Dungeon.
             The game lasted 00:03:20 (413 turns).

Amnesiac the Magician (Human Wanderer)               Turns: 413, Time: 00:03:21

Health: 0/19       AC:  2    Str: 12    XL:     2   Next: 10%
Magic:  7/7        EV: 11    Int: 14    God:
Gold:   34         SH:  0    Dex: 10    Spells: 2 memorised, 7 levels left

rFire  . . .     SeeInvis .     e - +0 club
rCold  . . .     Gourm    .     d - +0 robe
rNeg   . . .     Faith    .     (no shield)
rPois  .         Spirit   .     (no helmet)
rElec  .         Dismiss  .     (no cloak)
rCorr  .         Reflect  .     (no gloves)
MR     .....     Harm     .     (no boots)
Stlth  ++........               (no amulet)
                                (no ring)
                                (no ring)

@: no status effects
A: no striking features
a: no special abilities


You were on level 2 of the Dungeon.
You were not hungry.

You visited 1 branch of the dungeon, and saw 3 of its levels.

You collected 34 gold pieces.

Inventory:

Hand Weapons
 e - a +0 club (weapon)
 f - a +0 dagger
Armour
 d - a +0 robe (worn)
Scrolls
 h - a scroll of random uselessness {unknown}
 i - a scroll of identify {unknown}
 j - a scroll of magic mapping {unknown}
Books
 a - a book of Minor Magic

   Spells                             Type                      Level
   a - Magic Dart                     Conjuration                  1
   b - Blink                          Translocation                2
   c - Call Imp                       Summoning                    2
   d - Repel Missiles                 Charms/Air                   2
   e - Slow                           Hexes                        2
   f - Conjure Flame                  Conjuration/Fire             3
   g - Mephitic Cloud                 Conjuration/Poison/Air       3
 b - Kuohathu's Catalogue of Stones

   Spells                             Type                      Level
   a - Sandblast                      Earth                        1
   b - Stone Arrow                    Conjuration/Earth            3
Comestibles
 g - a bread ration


   Skills:
 - Level 2.0 Stealth
 - Level 4.0 Spellcasting
   Level 1.0 Hexes
   Level 2.0 Summonings
 + Level 2.0 Earth Magic


You had 7 spell levels left.
You knew the following spells:

 Your Spells              Type           Power        Failure   Level  Hunger
f - Sandblast             Erth           #.....       10%         1    None
z - Magic Dart            Conj           #...         21%         1    None


Dungeon Overview and Level Annotations

Branches:
Dungeon (3/15)

Altars:

Annotations:
D:2 Jessica, Robin


Message History

The giant cockroach bites you.
There is a stone staircase leading up here.
The jackal barely misses you. The hobgoblin closely misses you.
The giant cockroach bites you.
You climb upwards.
Level annotation: Jessica, Robin The goblin closely misses you.
Robin throws the goblin at you!
* * * LOW HITPOINT WARNING * * *
The goblin hits you.
* * * LOW HITPOINT WARNING * * *
The goblin shouts!
There is a stone staircase leading down here.
The goblin shouts!
The hobgoblin shouts!
You hear a shout! x2
The hobgoblin closely misses you. The jackal misses you.
The goblin hits you but does no damage.
A bat and a goblin come into view.
The jackal barely misses you. Robin throws the goblin at you!
* * * LOW HITPOINT WARNING * * *
The goblin hits you.
You die...

. #....##.# #.
#.#..##.#
#.#####.#..##.#
#.......#..##.# ....@
......#..##.# .####
###.#.g#..##.#####.
###....sg..?.........#
.gg.ggggh#####.#######
bgg.#.##@# #.# ### #.
#.# #.# . #.< ..# ##
#### ###


You could see Robin, a jackal, a giant cockroach, 2 hobgoblins and 5 goblins.

Vanquished Creatures
  A bat (D:1)
  3 goblins
  A hobgoblin (D:1)
  A rat (D:1)
6 creatures vanquished.

Notes
Turn   | Place    | Note
-------+----------+-------------------------------------------
     0 | D:1      | Amnesiac the Human Wanderer began the quest for the Orb.
     0 | D:1      | Amnesiac set off with: a book of Minor Magic, Kuohathu's Catalogue of Stones, a potion of curing, a +0 robe, a +0 club, a +0 dagger, a bread ration
     0 | D:1      | Reached XP level 1. HP: 13/13 MP: 5/5
     0 | D:1      | Identified Kuohathu's Catalogue of Stones
     2 | D:1      | Learned a level 1 spell: Sandblast
     4 | D:1      | Learned a level 1 spell: Magic Dart
   228 | D:1      | Reached XP level 2. HP: 17/19 MP: 0/7
   327 | D:2      | Noticed Jessica
   377 | D:2      | Noticed Robin
   413 | D:2      | Slain by a goblin

Vault maps used:
D:1:      mrwooster_arrival_statue
D:2:      uniq_robin, uniq_jessica
D:3:      nicolae_qazlal_general_emergency, uniq_crazy_yiuf_cottage

Skill      XL: |  1  2 |
---------------+-------+-----
Earth Magic    | 2 |  2.0
Stealth        | |  2.0
Spellcasting   | |  4.0
Hexes          | |  1.0
Summonings     | |  2.0

Action                   || total
-------------------------++-------
Melee: Club              ||     4
 Cast: Magic Dart        ||    19
  Use: Potion            ||     1
Armor: Robe              ||     6
Dodge: Dodged            ||    20
